 Dungeon Crawl Stone Soup version 0.17-a0-2073-gde5cdba (webtiles) character file.

115 Gruud the Insei (level 4, -5/32 HPs)
             Began as a Demonspawn Transmuter on Oct 14, 2015.
             Splashed by a jelly's acid (9 damage)
             ... on level 3 of the Dungeon.
             The game lasted 00:06:44 (2508 turns).

Gruud the Insei (Demonspawn Transmuter)             Turns: 2508, Time: 00:06:45

Health: -5/32      AC: -7    Str: 10    XL:     4   Next: 68%
Magic:  3/7        EV: 12    Int: 15    God:
Gold:   139        SH:  2    Dex: 14    Spells: 3 memorised, 1 level left

rFire  . . .     SeeInvis .       - Unarmed
rCold  . . .     Clarity  .     g - +0 robe
rNeg   . . .     SustAt   .     (no shield)
rPois  .         Gourm    .     (helmet restricted)
rElec  .         Spirit   .     (no cloak)
rCorr  .         Warding  .     j - +0 pair of gloves
rMut   .         Stasis   .     (boots currently unavailable)
MR     .....                    (no amulet)
Stlth  +.........               (no ring)
                                (no ring)

@: appendage, corroded equipment, very slightly contaminated, not resistant to
hostile enchantments, very unstealthy
A: antennae 2, talons 3, large bone plates 1
a: End Transformation


You were on level 3 of the Dungeon.
You were not hungry.
You had grown temporary talons.
You visited 1 branch of the dungeon, and saw 3 of its levels.

You collected 139 gold pieces.

Inventory:

Missiles
 a - 6 arrows
Armour
 g - a +0 robe (worn)
 j - a +0 pair of gloves (worn)
Wands
 m - a wand of fireball (9)
Scrolls
 f - 5 scrolls of identify {unknown}
 i - 2 scrolls of remove curse {unknown}
 l - a scroll of amnesia {unknown}
 n - a scroll of fog {unknown}
Potions
 b - a potion of poison {unknown}
 e - a potion of flight {unknown}
 h - a potion of degeneration {unknown}
 k - a potion of lignification {unknown}
 p - a potion of mutation {unknown}
Books
 c - a book of Changes

   Spells                             Type                      Level
   a - Beastly Appendage              Transmutation                1
   b - Sticks to Snakes               Transmutation                2
   c - Spider Form                    Transmutation/Poison         3
   d - Ice Form                       Ice/Transmutation            4
   e - Blade Hands                    Transmutation                5
Comestibles
 d - 4 chunks of flesh
 o - a bread ration


   Skills:
 - Level 1.0 Fighting
 - Level 1.7 Dodging
 * Level 3.9 Unarmed Combat
 - Level 2.0 Spellcasting
 * Level 3.4 Transmutations


You had one spell level left.
You knew the following spells:

 Your Spells              Type           Power        Failure   Level  Hunger
a - Beastly Appendage     Trmt           ##....       8%          1    #......
b - Sticks to Snakes      Trmt           ##........   12%         2    ###....
c - Spider Form           Trmt/Pois      #.........   34%         3    ###....


Dungeon Overview and Level Annotations

Branches:
Dungeon (3/15)

Altars:
Ru


Innate Abilities, Weirdness & Mutations

You have a pair of antennae on your head.
You are partially covered in large bone plates (AC +2, SH +2).
You have claws for feet.


Message History

Casting: Beastly Appendage
Confirm with . or Enter, or press ? or * to list all spells.
You miscast Sticks to Snakes.
Strange energies run through your body.
You hit the jelly. The acid corrodes you!
Your hands burn!
You claw the jelly, but do no damage.
The jelly is lightly wounded.
The jelly hits you.
You are splashed with acid!
The acid corrodes you!
The acid burns!
You hit the jelly.
Your hands burn!
You claw the jelly, but do no damage.
The jelly is lightly wounded.
The jelly hits you.
You are splashed with acid!
The acid corrodes you!
The acid burns!
* * * LOW HITPOINT WARNING * * *
You hit the jelly but do no damage. The acid corrodes you!
Your hands burn!
* * * LOW HITPOINT WARNING * * *
The jelly is lightly wounded.
The jelly hits you.
* * * LOW HITPOINT WARNING * * *
You are splashed with acid!
The acid burns!
You die...

####.. #.# #.# {{
#.# ######. #.#
....... #.####
....... #....#
....... #....#
.......
#.#....##J......
#.......@......<
......#########+##
......# ......#
.....> #####


You could see a jelly.

Vanquished Creatures
  Terence (D:2)
  3 adders (D:2)
  2 worms (D:2)
  A ball python (D:1)
  3 bats
  3 giant cockroaches
  9 goblins
  5 hobgoblins
  8 jackals
  2 quokkas (D:2)
  2 giant geckos (D:2)
  3 giant newts
  5 kobolds
  6 rats
53 creatures vanquished.

Vanquished Creatures (collateral kills)
  An adder (D:2)
1 creature vanquished.

Grand Total: 54 creatures vanquished

Notes
Turn   | Place    | Note
--------------------------------------------------------------
     0 | D:1      | Gruud the Demonspawn Transmuter began the quest for the Orb.
     0 | D:1      | Reached XP level 1. HP: 15/15 MP: 3/3
   345 | D:1      | Gained mutation: You are partially covered in large bone plates (AC +2, SH +2). [demonic ancestry]
   345 | D:1      | Reached XP level 2. HP: 12/21 MP: 3/5
   349 | D:1      | Reached skill level 3 in Unarmed Combat
  1012 | D:1      | Learned a level 2 spell: Sticks to Snakes
  1079 | D:2      | Lost mutation: You have a pair of horns on your head. [demonic ancestry]
  1079 | D:2      | Lost mutation: You have a pair of small horns on your head. [demonic ancestry]
  1079 | D:2      | Gained mutation: You have a pair of small antennae on your head. [demonic ancestry]
  1079 | D:2      | Reached XP level 3. HP: 24/26 MP: 4/6
  1964 | D:2      | Learned a level 3 spell: Spider Form
  1971 | D:2      | Noticed Terence
  2000 | D:2      | Gained mutation: You have a pair of antennae on your head. [demonic ancestry]
  2000 | D:2      | Reached XP level 4. HP: 27/32 MP: 3/7
  2252 | D:2      | Killed Terence
  2262 | D:2      | Found a sacrificial altar of Ru.
  2508 | D:3      | Splashed by a jelly's acid

Vault maps used:
D:1:      grunt_arrival_crossed_arrows
D:2:      nicolae_ru_path_of_blood, uniq_terence
D:3:      first_bread, minmay_misc_feat_chi

Action                   |  1- 3 |  4- 6 || total
-------------------------+-------+-------++-------
Melee: Unarmed           |   168 |    59 ||   227
 Cast: Beastly Appendage |    19 |     5 ||    24
       Sticks to Snakes  |     5 |     1 ||     6
       Spider Form       |       |     1 ||     1
 Stab: Sleeping          |     2 |       ||     2
  Eat: Chunk             |     2 |       ||     2
       Bread ration      |     1 |       ||     1
